 Dungeon Crawl Stone Soup version 0.31.0-11-ge490571c62 (webtiles) character file.

Game seed: 4016832772500228412

207 Bobbunny the Trooper (level 5, -3/50 HPs)
             Began as a Minotaur Cinder Acolyte on Jan 28, 2024.
             Was a High Priest of Ignis.
             Killed by divine providence
             ... invoked by an orc priest
              (14 damage)
             ... on level 4 of the Dungeon.
             The game lasted 00:02:15 (2331 turns).

Bobbunny the Trooper (Minotaur Cinder Acolyte)      Turns: 2331, Time: 00:02:16

Health: -3/50      AC:  6    Str: 20    XL:     5   Next: 54%
Magic:  0/5        EV: 14    Int: 11    God:    Ignis [*****.]
Gold:   280        SH:  3    Dex:  6    Spells: 6/6 levels left

rFire   + . .        a - -1 hand axe (flame)
rCold   . . .        c - +0 buckler
rNeg    . . .        m - +0 scale mail
rPois   .            (helmet restricted)
rElec   .            (no cloak)
rCorr   +            (no gloves)
SInv    .            (no boots)
Will    .....        h - amulet of guardian spirit
Stlth   x              - +5 ring of evasion
HPRegen 0.28/turn    r - ring of resist corrosion
MPRegen 0.09/turn

%: guardian spirit
@: no status effects
A: horns 2, retaliatory headbutt
a: Renounce Religion, Fiery Armour, Foxfire Swarm, Rising Flame


You were on level 4 of the Dungeon.
You worshipped Ignis.
Ignis was extremely pleased with you.
You visited 1 branch of the dungeon, and saw 4 of its levels.

You collected 280 gold pieces.

Inventory:

Hand Weapons
 a - a -1 hand axe of flaming (weapon)
Missiles
 j - 3 javelins (quivered)
Armour
 c - a +0 buckler (worn)
 m - a +0 scale mail (worn)
Jewellery
 h - an amulet of guardian spirit (around neck)
 r - a ring of resist corrosion (right hand)
 x - a +5 ring of evasion (left hand)
Wands
 w - a wand of flame (10)
Scrolls
 b - a scroll of immolation {unknown}
 e - a scroll of teleportation {unknown}
 f - 2 scrolls of fog
 g - 2 scrolls of revelation
 i - a scroll of poison {unknown}
 k - 3 scrolls of identify {unknown}
 l - a scroll of fear {unknown}
 s - 2 scrolls of amnesia {unknown}
Potions
 d - a potion of resistance {unknown}
 n - 2 potions of cancellation {unknown}
 o - a potion of curing {unknown}
 p - 2 potions of degeneration {unknown}
 q - a potion of mutation {unknown}
 t - a potion of haste {unknown}
 u - a potion of lignification {unknown}
 v - a potion of berserk rage {unknown}
 z - a potion of might {unknown}


   Skills:
 + Level 6.0 Fighting
 + Level 5.9 Axes
 - Level 1.0 Spellcasting
 - Level 2.1 Fire Magic


You had 6 spell levels left.
You didn't know any spells.
Your spell library contained the following spells:

 Spells                   Type           Power      Damage    Failure   Level
 Scorch                   Fire           10%        2d5       61%         2
 Apportation              Tloc           0%         N/A       77%         1
 Slow                     Hex            0%         N/A       77%         1
 Ensorcelled Hibernation  Hex/Ice        0%         N/A       88%         2
 Jinxbite                 Hex            0%         N/A       88%         2
 Confusing Touch          Hex            0%         N/A       98%         3
 Fugue of the Fallen      Necr           0%         N/A       98%         3
 Sigil of Binding         Hex            0%         N/A       98%         3
 Vampiric Draining        Necr           0%         2d6       98%         3
 Anguish                  Hex/Necr       0%         N/A       100%        4
 Alistair's Intoxication  Alch           0%         N/A       100%        5


Dungeon Overview and Level Annotations

Branches:
Dungeon (4/15)
 Temple: D:4-7

Altars:
Dithmenos

Annotations:
D:3 3 runed translucent doors, Zeo's ghost, amateur MiHu


Innate Abilities, Weirdness & Mutations

You have a pair of horns on your head.
You reflexively headbutt those who attack you in melee.


Message History

You are too injured to fight recklessly!
You hit the orc priest. You burn the orc priest.
The orc priest is moderately wounded.
The orc priest calls down the wrath of Beogh upon you.
Pain shoots through your body!
You hit the orc priest. You burn the orc priest.
Your headbutt misses the orc priest.
The orc priest is heavily wounded.
The orc priest barely misses you. You furiously retaliate!
You headbutt the orc priest.
An orc wizard comes into view. It is wielding a +0 dagger.
You closely miss the orc priest.
The orc wizard shouts!
You headbutt the orc priest.
You kill the orc priest!
The orc wizard gestures wildly while chanting.
The orc wizard flickers and vanishes!
Deactivating autopickup; reactivate with Ctrl-A.
Your Fighting skill increases to level 6!
You barely miss the orc priest.
The orc priest hits you with a +0 dagger.
An orc wizard comes into view. It is wielding a +0 dagger.
You hit the orc priest. You burn the orc priest.
The orc priest is lightly wounded.
The orc priest barely misses you.
The orc wizard casts a spell.
The orc wizard flickers and vanishes!
An orc comes into view. It is wielding a +3 vampiric whip.
The orc shouts!
You hit the orc priest but do no damage.
The orc priest is lightly wounded.
The orc priest calls down the wrath of Beogh upon you.
Pain shoots through your body!
* * * LOW HITPOINT WARNING * * *
Activating: Foxfire Swarm
Press: ? - help, Dir - look around, f - activate Flames leap up around you!
The orc priest invokes the aid of Beogh against you.
Beogh smites you!
You die...

*,,,,,,,,,,,****************,*,*
*,,,,,,,,,,,,,,,....,,,,,,,*,*,*
***+************.o)#******,*,*,,
*,* #####...+,,,,,,,,,,,, ****,*
****.......#******,*,,,, *,,,,*
*>,,,..#.{.# *,*****
*,,,,*****,****vvvv.# *,*,,,,
*,,,,,,,**,** *#ovv.# *,*,***
*,,,,,,,,,,,*###@vv.# *,*,***
*,,,,,,,,,,,*#vvvvv.# *,*,,,,
***,,,,,,,,,*#vvvvv.# *,*****
*,,,,,,,,,*#......# *,,,,,,
*,,,,,*****#......# *******
*,,,,,* #......# ##### *,,,,,*
#.....####...# ***,,,,,*
#........#...# ,,,,,,,,*
###.)....#...#


You could see an orc priest (ally target) and an orc.

Vanquished Creatures
  An orc priest (D:4)
  Jessica (D:2)
  An iguana (D:3)
  An orc wizard (D:3)
  5 adders
  2 dart slugs (D:1)
  A ribbon worm (D:3)
  3 orcs (D:3)
  3 ball pythons
  7 bats
  4 endoplasms
  3 giant cockroaches
  7 goblins
  5 hobgoblins
  2 frilled lizards
  6 kobolds
  3 rats
55 creatures vanquished.

Notes
Turn   | Place    | Note
-------+----------+-------------------------------------------
     0 | D:1      | Bobbunny the Minotaur Cinder Acolyte began the quest for
                  | the Orb.
     0 | D:1      | Reached XP level 1. HP: 19/19 MP: 1/1
   356 | D:1      | Reached skill level 4 in Fighting
   409 | D:1      | Reached XP level 2. HP: 27/27 MP: 2/2
   830 | D:2      | Reached XP level 3. HP: 31/34 MP: 3/3
   845 | D:2      | Noticed Jessica
   849 | D:2      | Killed Jessica
   972 | D:2      | Reached XP level 4. HP: 39/41 MP: 4/4
  1113 | D:2      | Reached skill level 5 in Fighting
  1114 | D:2      | Reached skill level 5 in Axes
  1308 | D:3      | Found a faded altar of an unknown god.
  1515 | D:3      | Found a shadowy altar of Dithmenos.
  1645 | D:3      | Found a runed translucent gate.
  1645 | D:3      | Found a runed translucent gate.
  1645 | D:3      | Found a runed translucent gate.
  1646 | D:3      | Noticed Zeo's ghost (amateur MiHu)
  1724 | D:3      | Reached XP level 5. HP: 48/48 MP: 5/5
  2328 | D:4      | Reached skill level 6 in Fighting
  2331 | D:4      | Killed from afar by an orc priest

Illustrated notes

Levels and vault maps discovered:
D:1:      dpeg_arrival_tiny_h, layout_basic
D:2:      layout_basic, minmay_misc_feat_chi, minmay_joined_circles,
          uniq_jessica
D:3:      minmay_recursive_quarters, layout_basic,
          nicolae_dithmenos_through_a_glass_darkly, nicolae_ecumenical_pavilion,
          ebering_ghost_rock_garden
D:4:      layout_basic

Skill      XL: |  1  2  3  4  5 |
---------------+----------------+-----
Fighting       | 4 5 6 |  6.0
Axes           | 4 5 |  5.9
Spellcasting   | |  1.0
Fire Magic     | |  2.1

Action                     |  1- 3 |  4- 6 || total
---------------------------+-------+-------++-------
  Melee: Hand axe          |    55 |    84 ||   139
         Headbutt          |     6 |    10 ||    16
 Invoke: Foxfire Swarm     |       |     1 ||     1
    Use: Scroll            |       |     2 ||     2
 Armour: Robe              |    19 |       ||    19
         Ring mail         |    16 |       ||    16
         Scale mail        |     6 |    85 ||    91
  Dodge: Dodged            |    27 |    42 ||    69
  Block: Buckler           |     5 |     8 ||    13
